 Dungeon Crawl Stone Soup version 0.18.1-8-gdd0e5ea (webtiles) character file.

13248 rockintein the Severer (level 11, -1/103 (104) HPs)
             Began as a Minotaur Berserker on June 11, 2016.
             Was a High Priest of Trog.
             Succumbed to a death drake's dark miasma
             ... on level 2 of the Abyss.
             The game lasted 00:19:39 (11524 turns).

rockintein the Severer (Minotaur Berserker)        Turns: 11524, Time: 00:19:39

HP:   -1/103 (104)  AC: 24    Str: 37    XL:     11   Next: 73%
MP:   10/10         EV:  9    Int:  4    God:    Trog [*****.]
Gold: 658           SH:  0    Dex:  9    Spells: 0 memorised, 10 levels left

rFire  + . .     SeeInvis .     w - +2 executioner's axe (venom)
rCold  . . .     Gourm    .     v - +1 plate armour
rNeg   . . .     Faith    .     (shield currently unavailable)
rPois  .         Spirit   .     I - +2 hat
rElec  +         Dismiss  .     (no cloak)
rCorr  .         Reflect  .     (no gloves)
SustAt .         Harm     .     y - +0 pair of boots of Hadjma {+Inv rElec Str+6}
MR     ++...                    (no amulet)
Stlth  ..........               n - +5 ring of protection
                                x - ring of protection from fire

@: mighty, lethally poisoned (-1 -> -13), regenerating, slowed, very slow, very
resistant to hostile enchantments, extremely unstealthy
A: retaliatory headbutt, horns 2
a: Berserk, Trog's Hand, Brothers in Arms, Burn Spellbooks, Renounce Religion,
Evoke Invisibility


You were on level 2 of the Abyss.
You worshipped Trog.
Trog was extremely pleased with you.
You were not hungry.

You visited 1 branch of the dungeon, and saw 11 of its levels.
You visited the Abyss 1 time.
You also visited: Ossuary.

You collected 658 gold pieces.

Inventory:

Hand Weapons
 l - a +0 war axe
 p - a +2 mace of protection
 w - a +2 executioner's axe of venom (weapon)
Armour
 v - a +1 plate armour (worn)
 y - the +0 pair of boots of Hadjma (worn) {+Inv rElec Str+6}
   (You found it on level 5 of the Dungeon)

   It affects your strength (+6).
   It insulates you from electricity.
   It lets you turn invisible.
 I - a +2 hat (worn)
Jewellery
 n - a +5 ring of protection (right hand)
 x - a ring of protection from fire (left hand)
 J - a cursed ring of loudness {unknown}
 K - an uncursed ring of protection from fire
 Q - an uncursed ring of fire {unknown}
 R - an uncursed ring of stealth {unknown}
 T - an uncursed ring of sustain attributes {unknown}
Wands
 k - a wand of digging (0/24)
 t - a wand of paralysis (7/24)
 C - a wand of lightning (4/15)
 M - a wand of disintegration (8/24)
 N - a wand of lightning (6/15)
 P - a wand of iceblast (6/15)
Scrolls
 a - 2 scrolls of magic mapping
 b - 9 scrolls of remove curse
 g - a scroll of fear
 i - 2 scrolls of enchant weapon
 m - a scroll of amnesia
 s - 3 scrolls of identify
 u - 2 scrolls of blinking
 z - 5 scrolls of immolation
 B - 4 scrolls of teleportation
 O - a scroll of enchant armour
 S - a scroll of acquirement
 U - a scroll of recharging {unknown}
Potions
 e - 2 potions of might
 o - 3 potions of resistance
 q - 3 potions of haste
 r - 2 potions of brilliance
 E - a potion of flight
 F - a potion of ambrosia
 G - 4 potions of curing
 H - a potion of cure mutation
Books
 A - a book of Burglary

   Spells                             Type                      Level
   a - Swiftness                      Charms/Air                   2
   b - Passwall                       Transmutation/Earth          2
   c - Passage of Golubria            Translocation                4
   d - Lee's Rapid Deconstruction     Earth                        5
   e - Darkness                       Hexes                        6
   f - Invisibility                   Hexes                        6
   Trog disapproves of the use of such an item.
 L - a book of Envenomations

   Spells                             Type                      Level
   a - Spider Form                    Transmutation/Poison         3
   b - Olgreb's Toxic Radiance        Poison                       4
   c - Alistair's Intoxication        Transmutation/Poison         5
   d - Poisonous Cloud                Conjuration/Poison/Air       6
   Trog disapproves of the use of such an item.
Comestibles
 c - 9 bread rations
 d - 2 beef jerkies
 f - 6 meat rations
 j - a slice of pizza
 D - 3 royal jellies


   Skills:
 + Level 11.7 Fighting
 * Level 15.5 Axes
 + Level 11.6 Armour
 - Level 2.1 Dodging


You had 10 spell levels left.
You didn't know any spells.

Dungeon Overview and Level Annotations

Branches:
Dungeon (11/15)            Temple (0/1) D:4            Lair (0/8) D:11
    Orc: D:9-12

Altars:
Cheibriados
Elyvilon
Nemelex Xobeh
Ru
Trog
Vehumet
Zin
The Shining One

Shops:
D:10 (

Annotations:
D:11 Sonja


Innate Abilities, Weirdness & Mutations

You reflexively headbutt those who attack you in melee.
You have a pair of horns on your head.


Message History

The death drake is lightly wounded.
* * * LOW HITPOINT WARNING * * *
You feel very sick. The death drake breathes miasma at you.
The foul vapour misses you. The death drake bites you.
* * * LOW HITPOINT WARNING * * *
Drink which item? (? for menu, Esc to quit)
You feel better.
You are engulfed in dark miasma.
You are poisoned.
You feel yourself slow down.
* * * LOW HITPOINT WARNING * * *
You feel sick.
The death drake bites you but does no damage.
You closely miss the death drake.
The death drake is lightly wounded.
You are engulfed in dark miasma.
You are lethally poisoned!
You feel your flesh rotting away!
* * * LOW HITPOINT WARNING * * *
You die...

# ♣ ≈
# # #
# ≈ ##
# .
##k###
≈
#@§§#
#
#§###
###


You could see a death drake shaped shifter.

Vanquished Creatures
  Gastronok (D:8)
  A frost giant (D:10)
  Erolcha (D:10)
  The ghost of F1L1N the Fighter, a novice GrBe of Trog (D:8)
  A large abomination (Abyss:2)
  A smoke demon (Abyss:2)
  A centaur zombie (D:11)
  A troll (D:8)
  Prince Ribbit (D:8)
  A two-headed ogre (D:10)
  Sigmund (D:4)
  A wyvern (D:10)
  3 hippogriffs
  Menkaure (D:6)
  14 ice beasts
  3 orc warriors
  2 sky beasts
  2 phantoms
  5 centaurs
  A crocodile (D:11)
  An ogre (D:6)
  Blork the orc (D:4)
  3 big kobolds
  3 giant frogs
  A small abomination (Abyss:2)
  8 killer bees
  2 scorpions
  9 wights
  5 howler monkeys
  6 electric eels
  2 giant frog zombies
  4 crimson imps
  5 jellies
  9 orc priests
  3 hounds
  2 quasits
  2 centaur skeletons
  A gnoll shaman (D:8)
  12 orc wizards
  A giant frog skeleton (D:10)
  6 iguanas
  8 worker ants
  Terence (D:2)
  A killer bee zombie (D:7)
  A big kobold zombie (Ossuary)
  5 mummies (Ossuary)
  Robin (D:4)
  A howler monkey zombie (D:5)
  4 gnolls (D:8)
  A howler monkey skeleton (D:7)
  10 adders
  4 river rats (D:11)
  5 shadow imps
  An ooze (D:3)
  2 adder zombies
  2 adder skeletons
  2 worms (D:2)
  5 giant geckos
  48 orcs
  12 bats
  4 giant cockroaches
  3 gnoll zombies (Ossuary)
  15 goblins
  5 hobgoblins
  25 jackals
  20 kobolds
  9 quokkas
  A ball python (D:3)
  7 giant newts
  A kobold zombie (Ossuary)
  3 orc zombies (Ossuary)
  A quokka skeleton (D:4)
  7 rats
  8 fungi (D:11)
  8 plants (D:11)
360 creatures vanquished.

Vanquished Creatures (others)
  4 fungi (D:11)
4 creatures vanquished.

Grand Total: 364 creatures vanquished

Notes
Turn   | Place    | Note
--------------------------------------------------------------
     0 | D:1      | rockintein the Minotaur Berserker began the quest for the Orb.
     0 | D:1      | Reached XP level 1. HP: 19/19 MP: 0/0
   255 | D:1      | Reached skill level 4 in Axes
   256 | D:1      | Reached XP level 2. HP: 26/27 MP: 1/1
  1082 | D:2      | Noticed Terence
  1086 | D:2      | Killed Terence
  1086 | D:2      | Reached XP level 3. HP: 33/33 MP: 2/2
  1309 | D:2      | Found a sparkling altar of Nemelex Xobeh.
  1562 | D:2      | Reached skill level 5 in Axes
  1562 | D:2      | Reached XP level 4. HP: 25/40 MP: 3/3
  2498 | D:3      | Reached ** piety under Trog
  2541 | D:3      | Found a bloodstained altar of Trog.
  2580 | D:3      | Reached XP level 5. HP: 47/47 MP: 4/4
  2912 | D:4      | Noticed Sigmund
  2944 | D:4      | Killed Sigmund
  2944 | D:4      | Reached skill level 5 in Fighting
  2944 | D:4      | Reached skill level 6 in Axes
  2944 | D:4      | Reached XP level 6. HP: 56/56 MP: 5/5
  3145 | D:4      | Reached skill level 5 in Armour
  3181 | D:4      | Found a glowing golden altar of the Shining One.
  3191 | D:4      | Noticed Blork the orc
  3197 | D:4      | Killed Blork the orc
  3197 | D:4      | Reached skill level 7 in Axes
  3199 | D:4      | Noticed Robin
  3215 | D:4      | Reached *** piety under Trog
  3222 | D:4      | Killed Robin
  3222 | D:4      | Reached XP level 7. HP: 43/61 MP: 6/6
  3321 | D:4      | Found a staircase to the Ecumenical Temple.
  3710 | D:5      | Entered Level 5 of the Dungeon
  3915 | D:5      | Found a snail-covered altar of Cheibriados.
  4068 | D:5      | Got a pair of warped boots
  4074 | D:5      | Identified the +0 pair of boots of Hadjma {+Inv rElec Str+6} (You found it on level 5 of the Dungeon)
  4092 | D:5      | Reached skill level 8 in Axes
  4123 | D:5      | Received a gift from Trog
  4546 | D:6      | Found a white marble altar of Elyvilon.
  4555 | D:6      | Found a snail-covered altar of Cheibriados.
  4557 | D:6      | Found a glowing silver altar of Zin.
  4580 | D:6      | Noticed Menkaure
  4586 | D:6      | Killed Menkaure
  4586 | D:6      | Reached XP level 8. HP: 71/71 MP: 7/7
  4621 | D:6      | Reached skill level 9 in Axes
  4853 | D:6      | Found a sacrificial altar of Ru.
  4982 | D:6      | Reached **** piety under Trog
  5002 | D:6      | Reached skill level 10 in Axes
  5773 | D:7      | Found a radiant altar of Vehumet.
  5845 | D:7      | Found a sand-covered staircase.
  5851 | Ossuary  | Entered an ossuary
  6007 | Ossuary  | Identified a scroll of acquirement
  6139 | D:7      | Reached XP level 9. HP: 52/81 MP: 8/8
  6502 | D:7      | Reached skill level 11 in Axes
  7221 | D:8      | Noticed F1L1N's ghost (novice GrBe)
  7233 | D:8      | Killed F1L1N's ghost
  7233 | D:8      | Reached skill level 12 in Axes
  7408 | D:8      | Noticed Gastronok
  7413 | D:8      | Killed Gastronok
  7413 | D:8      | Reached skill level 13 in Axes
  7413 | D:8      | Reached XP level 10. HP: 59/92 MP: 9/9
  8208 | D:8      | Noticed Prince Ribbit
  8217 | D:8      | Reached ***** piety under Trog
  8217 | D:8      | Reached skill level 10 in Fighting
  8228 | D:8      | Killed Prince Ribbit
  8338 | D:9      | Reached skill level 10 in Armour
  9174 | D:10     | Entered Level 10 of the Dungeon
  9271 | D:10     | Reached skill level 14 in Axes
  9271 | D:10     | Received a gift from Trog
  9337 | D:10     | Reached XP level 11. HP: 96/101 MP: 10/10
  9375 | D:10     | Noticed Erolcha
  9384 | D:10     | Killed Erolcha
  9482 | D:10     | Found Ifoasyan's Weapon Shop.
 10324 | D:10     | Noticed a frost giant
 10336 | D:10     | Killed a frost giant
 10336 | D:10     | Reached skill level 15 in Axes
 10724 | D:11     | Found a staircase to the Lair.
 10906 | D:11     | Noticed Sonja
 11279 | D:11     | Cast into level 2 of the Abyss (Sonja)
 11500 | Abyss:2  | Noticed a large abomination
 11506 | Abyss:2  | Killed a large abomination
 11513 | Abyss:2  | Noticed a death drake
 11513 | Abyss:2  | a giant eyeball changed into a death drake
 11524 | Abyss:2  | HP: 2/103 [death drake (shapeshifter)] (7)]
 11524 | Abyss:2  | Succumbed to a death drake's dark miasma

Skill      XL: |  1  2  3  4  5  6  7  8  9 10 11 |
---------------+----------------------------------+-----
Axes           | 4 5 6 7 8 10 13 14 15 | 15.5
Armour         | 3 4 5 6 7 9 10 11 | 11.6
Fighting       | 4 5 6 7 9 10 11 | 11.7
Dodging        | |  2.1

Action                   |  1- 3 |  4- 6 |  7- 9 | 10-12 || total
-------------------------+-------+-------+-------+-------++-------
Melee: Hand axe          |    71 |    50 |       |       ||   121
       Headbutt          |    16 |    17 |    68 |    69 ||   170
       War axe           |       |    79 |   182 |       ||   261
       Executioner's axe |       |       |    98 |   293 ||   391
Invok: Berserk           |       |     1 |     2 |       ||     3
       Trog's Hand       |       |       |     2 |     5 ||     7
Evoke: Wand              |       |       |       |    11 ||    11
  Use: Scroll            |       |     7 |    12 |     2 ||    21
       Potion            |       |     8 |       |     5 ||    13
  Eat: Chunk             |     2 |     7 |    13 |    13 ||    35
       Pizza             |       |       |     2 |     1 ||     3
Armor: Animal skin       |     7 |       |       |       ||     7
       Scale mail        |     8 |       |       |       ||     8
       Plate armour      |       |   122 |   204 |   276 ||   602
Dodge: Dodged            |    45 |    58 |   111 |   165 ||   379
